 Dungeon Crawl Stone Soup version 0.27.0-1-g7a089689b8 (webtiles) character file.

Game seed: 413527485159757249

11470 Sobieck the Thaumaturge (level 12, -31/86 HPs)
             Began as a Djinni Fire Elementalist on Aug 7, 2021.
             Was a Believer of Makhleb.
             Killed from afar by Jorgrun (69 damage)
             ... with an iron shot
             ... on level 12 of the Dungeon.
             The game lasted 00:30:48 (14627 turns).

Sobieck the Thaumaturge (Djinni Fire Elementalist) Turns: 14627, Time: 00:30:49

Health: -31/86     AC: 10    Str:  7    XL:     12   Next: 8%
Gold:   179        EV: 17    Int: 22    God:    Makhleb [**....] SH:  5 Dex: 14

rFire    + + +     SeeInvis .   N - +4 scimitar {long}
rCold    . . .     Faith    .   (no shield)
rNeg     . . .     Spirit   .   E - +2 robe {Archmagi}
rPois    ∞         Reflect  +   v - +1 helmet
rElec    .         Harm     .   Q - +1 cloak of Starlight {*Dazzle EV+4 Stlth--}
rCorr    .         Rampage  .   r - +1 pair of gloves
Will     +....     Archmagi +   (boots unavailable)
Stlth    ..........             B - amulet of reflection
HPRegen  0.24/turn              H - ring of protection from fire
MPRegen  0.00/turn              z - ring of protection from cold

@: grasped by roots, flying, constricted
A: sickness immunity, fire resistance 2, cold vulnerability 1, float, innate
caster, hp casting, extra vitality 1
a: Renounce Religion, Minor Destruction


You were on level 12 of the Dungeon.
You worshipped Makhleb.
Makhleb was pleased with you.
You visited 1 branch of the dungeon, and saw 12 of its levels.
You also visited: Ossuary.

You collected 387 gold pieces.
You spent 208 gold pieces at shops.


Innate Abilities, Weirdness & Mutations

You are immune to sickness and miasma.
You are immune to poison.
Your flesh is very heat resistant. (rF++)
You are vulnerable to cold. (rC-)
You float through the air rather than walking.
You learn spells naturally, not from books.
Your magical power is your life essence.
You have superior vitality. (+4 HP)


   Skills:
 + Level 7.8 Fighting
 + Level 8.9 Dodging
 - Level 1.5 Stealth
 + Level 11.5 Spellcasting


You had 3 spell levels left.
You knew the following spells:

 Your Spells              Type           Power      Damage    Failure   Level
a - Foxfire               Conj/Fire      100%       2x1d9     1%          1
b - Conjure Flame         Conj/Fire      76%        6-21      1%          3
c - Inner Flame           Hex/Fire       76%        N/A       1%          3
d - Sticky Flame          Conj/Fire      76%        2d9       1%          4
e - Fireball              Conj/Fire      38%        3d16      1%          5
f - Apportation           Tloc           100%       N/A       1%          1
g - Corpse Rot            Necr/Air       N/A        N/A       1%          2
h - Tukima's Dance        Hex            76%        N/A       1%          3
i - Leda's Liquefaction   Hex/Erth       38%        N/A       1%          4
j - Irradiate             Conj/Tmut      38%        3d26      1%          5
Your spell library was empty.

Inventory:

Hand Weapons
 N - a +4 scimitar (weapon) {long}
   (You took it off a wight on level 7 of the Dungeon)
Missiles
 b - 137 bolts
 e - 8 javelins {throwing}
 g - 307 stones {throwing}
 q - 231 arrows
 u - 11 boomerangs {throwing}
 w - 44 poisoned darts {throwing}
 x - 63 sling bullets
Armour
 r - a +1 pair of gloves (worn)
   (You found it on level 2 of the Dungeon)
 v - a +1 helmet (worn)
   (You took it off Robin on level 3 of the Dungeon)
 E - a +2 robe of the Archmagi (worn)
   (You took it off Sigmund on level 5 of the Dungeon)
 Q - the +1 cloak of Starlight (worn) {*Dazzle EV+4 Stlth--}
   (You found it on level 9 of the Dungeon)

   It may blind those who miss an attack against the wearer in melee combat.
   EV:        It affects your evasion (+4).
   Stlth:     It makes you much less stealthy.
Jewellery
 z - a ring of protection from cold (right hand)
   (You found it on level 8 of the Dungeon)
 B - an amulet of reflection (around neck)
   (You acquired it on level 6 of the Dungeon)
 H - a ring of protection from fire (left hand)
   (You found it on level 6 of the Dungeon)
Wands
 c - a wand of digging (6)
   (You found it on level 11 of the Dungeon)
 K - a wand of mindburst (10)
   (You took it off a kobold on level 7 of the Dungeon)
 L - a wand of flame (27)
   (You found it on level 7 of the Dungeon)
Scrolls
 i - 6 scrolls of noise {!r}
 A - 3 scrolls of fear
 I - 2 scrolls of magic mapping {!r}
 J - a scroll of teleportation {@r4}
 P - a scroll of blinking {unknown}
 R - a scroll of fog
 W - a scroll of enchant weapon {unknown}
Potions
 a - 2 potions of magic {unknown}
 d - 4 potions of curing {@q1}
 j - 2 potions of resistance
 m - 2 potions of lignification {!q}
 n - 5 potions of mutation {!q}
 o - 3 potions of ambrosia
 p - 5 potions of cancellation
 s - 2 potions of might
 t - 3 potions of attraction {!q}
 D - 2 potions of brilliance
 F - a potion of heal wounds {@q2}
 M - a potion of invisibility

Dungeon Overview and Level Annotations

Branches:
Dungeon (12/15)            Temple (0/1) D:7            Lair (0/6) D:10
    Orc (0/2) D:10        Ossuary (visited)

Altars:
Cheibriados
Hepliaklqana
Kikubaaqudgha
Makhleb
Nemelex Xobeh
Okawaru
Sif Muna
Uskayaw
Wu Jian
Zin
The Shining One

Shops:
D:2 =!   D:3 *   D:6 **

Annotations:
D:12 Jorgrun

####....(.....
.............
........^...
.........g. ........#
#......# #......#
#...@..# #......#####
#..........#
###.......####
#.........#
#.........#######
##+##...............#
...........<........#
....................#


You could see Jorgrun.


Message History

You reach down and open the door.
There is an open door here.
You see here a +0 long sword {long}.
c - a wand of digging (6)
You reach down and open the door.
There is an open door here.
You reach down and open the door.
There is an open door here.
There is an open door here.
There is an open door here.
You reach down and open the door.
You reach down and open the door.
There is an open door here.
You reach down and open the door.
There is an open door here.
You reach down and open the door.
There is an open door here.
You reach down and open the door.
There is an open door here.
There is an open door here.
There is an open door here.
Found an escape hatch in the ceiling.
e - 8 javelins {throwing} You see here a +0 rapier {short}.
I - 2 scrolls of magic mapping {!r} (gained 1)
You now have 179 gold pieces (gained 18).
You reach down and open the door.
There is an open door here.
You reach down and open the door.
There is an open door here.
You reach down and open the door.
There is an open door here.
There is an open door here.
There is an open door here.
You reach down and open the door.
There is an open door here.
There is an open door here.
Done exploring.
There is an open door here.
There is an open door here.
There is a stone staircase leading down here.
You fly downwards.
There is a stone staircase leading up here.
Unknown command.
Saving game... please wait. 🤖 Initializing magus.rc ... ✅ Successfully initialized magus_sobieck.rc [v0.0.2] Welcome back, Sobieck the Djinni Fire Elementalist.
Blood and souls for Makhleb!
Press ? for a list of commands and other information.
g - 307 stones {throwing} (gained 16) Jorgrun Earthshaker comes into view.
He is wielding a +0 vorpal quarterstaff and wearing a +1 robe of positive energy.
Jorgrun shouts!
Danger!
Unknown command.
Cast which spell? (? or * to list)
Aiming: Tukima's Dance (safe; 1% risk of failure)
Press: ? - help, Shift-Dir - straight line, f - Jorgrun
Aim: Jorgrun, wielding a +0 vorpal quarterstaff and wearing a +1 robe of positive energy (chance to affect: 15%)
Okay, then.
Casting: Tukima's Dance (safe; 1% risk of failure)
Confirm with . or Enter, or press ? or * to list all spells.
Aiming: Fireball (dangerous; 1% risk of failure)
Press: ? - help, Shift-Dir - straight line You feel a surge of power!
The fireball explodes!
The fireball engulfs Jorgrun!
Casting: Fireball (dangerous; 1% risk of failure)
Confirm with . or Enter, or press ? or * to list all spells.
Aiming: Fireball (dangerous; 1% risk of failure)
Press: ? - help, Shift-Dir - straight line You feel a surge of power!
The fireball explodes!
The fireball engulfs Jorgrun!!
You hear a shout!
Jorgrun casts a spell at you.
Roots burst forth from the earth!
The grasping roots grab you! The grasping roots constrict you!
Casting: Fireball (dangerous; 1% risk of failure)
Confirm with . or Enter, or press ? or * to list all spells.
Aiming: Fireball (dangerous; 1% risk of failure)
Press: ? - help, Shift-Dir - straight line You feel a surge of power!
The fireball explodes!
The fireball engulfs Jorgrun!!!
The grasping roots constrict you!
Casting: Fireball (dangerous; 1% risk of failure)
Confirm with . or Enter, or press ? or * to list all spells.
Aiming: Fireball (dangerous; 1% risk of failure)
Press: ? - help, Shift-Dir - straight line You feel a surge of power!
The fireball explodes!
The fireball engulfs Jorgrun!
* * * LOW HITPOINT WARNING * * *
The grasping roots constrict you.
Casting: Fireball (dangerous; 1% risk of failure)
Confirm with . or Enter, or press ? or * to list all spells.
Aiming: Fireball (dangerous; 1% risk of failure)
Press: ? - help, Shift-Dir - straight line You feel a surge of power!
The fireball explodes!
The fireball engulfs Jorgrun!!
* * * LOW HITPOINT WARNING * * *
Jorgrun casts a spell at you. The iron shot hits you!!!
Ouch! That really hurt!
You die...

Skill      XL: |  1  2  3  4  5  6  7  8  9 10 11 |
---------------+----------------------------------+-----
Spellcasting   | 3 4 5 6 8 10 11 | 11.5
Fighting       | 1 5 7 |  7.8
Dodging        | 3 6 8 |  8.9
Stealth        | |  1.5

Action                   |  1- 3 |  4- 6 |  7- 9 | 10-12 || total
-------------------------+-------+-------+-------+-------++-------
Melee: Club              |     2 |     4 |       |       ||     6
       Scimitar          |       |       |       |     2 ||     2
 Cast: Foxfire           |   102 |   159 |   251 |    99 ||   611
       Inner Flame       |       |     2 |       |       ||     2
       Sticky Flame      |       |       |     7 |     6 ||    13
       Fireball          |       |       |     4 |    54 ||    58
       Tukima's Dance    |       |       |     1 |     5 ||     6
       Leda's Liquefacti |       |       |       |     5 ||     5
       Irradiate         |       |       |       |     2 ||     2
  Use: Scroll            |       |     8 |     8 |     5 ||    21
 Stab: Invisible         |       |       |       |     1 ||     1
Armor: Robe              |     3 |    12 |    13 |     6 ||    34
Dodge: Dodged            |    14 |    18 |    26 |    23 ||    81
Block: Other             |       |       |       |     3 ||     3
       Rpst.: Scimitar   |       |       |       |     4 ||     4

Levels and vault maps discovered:
D:1:      erik_arrival_blinker_ship, layout_basic, serial_park_tiny_1
D:2:      layout_rooms, serial_shops, shop, shop, nicolae_diamond_shop
D:3:      layout_loops_ring, hellmonk_ecumenical_altar_lost_god, serial_shops,
          nicolae_shop_window_shopping, uniq_robin
D:4:      layout_rooms, portal_sewer_entry_e
D:5:      layout_cave_pods, nicolae_overflow_hidden_temple, enter_ossuary_1,
          uniq_sigmund, uniq_menkaure
D:6:      layout_loops_ring, eat_drink_and_be_merry_uskayaw, lemuel_tele_altar,
          zin_purify, nicolae_shop_clearance
D:7:      layout_basic, minmay_temple_entry_nine_rooms
D:8:      layout_basic
D:9:      layout_irregular_city, gammafunk_temple_overflow_elements, uniq_maggie
D:10:     layout_cave_pods, mainiacjoe_overflow_alcove_1, lair_entry_dummy,
          orc_0_dummy, uniq_nergalle
D:11:     layout_roguey
D:12:     layout_irregular_city, serial_undead, serial_undead_a,
          serial_undead_d, serial_undead_e, serial_undead_c, serial_undead_c,
          serial_undead_f, serial_undead_c, serial_undead_d, uniq_jorgrun

Notes
Turn   | Place    | Note
-------+----------+-------------------------------------------
     0 | D:1      | Sobieck the Djinni Fire Elementalist began the quest for
                  | the Orb.
     0 | D:1      | Reached XP level 1. HP: 15/15 MP: 0/0
   353 | D:1      | Reached XP level 2. HP: 17/21 MP: 0/0
   730 | D:1      | Reached skill level 3 in Spellcasting
  1373 | D:1      | Reached XP level 3. HP: 19/25 MP: 0/0
  1373 | D:1      | Learned a level 1 spell: Apportation
  1697 | D:2      | Found Kethik's Weapon Shop.
  2188 | D:1      | Reached XP level 4. HP: 11/31 MP: 0/0
  2699 | D:2      | Found Fyeremn's Distillery.
  2816 | D:2      | Found Rehuniusk's Jewellery Emporium.
  2976 | D:3      | Reached skill level 4 in Spellcasting
  3178 | D:3      | Reached XP level 5. HP: 24/35 MP: 0/0
  3178 | D:3      | Learned a level 2 spell: Corpse Rot
  3483 | D:3      | Noticed Robin
  3522 | D:3      | Killed Robin
  3807 | D:3      | Found Sestrural's General Store.
  4023 | D:3      | Reached XP level 6. HP: 35/40 MP: 0/0
  4194 | D:3      | Found a faded altar of an unknown god.
  4596 | D:4      | Reached skill level 5 in Spellcasting
  5476 | D:5      | Entered Level 5 of the Dungeon
  5478 | D:5      | Noticed an ogre
  5482 | D:5      | Killed an ogre
  5483 | D:5      | Reached XP level 7. HP: 41/45 MP: 0/0
  5483 | D:5      | Learned a level 3 spell: Tukima's Dance
  5553 | D:5      | Reached skill level 6 in Spellcasting
  5609 | D:5      | Found a sparkling altar of Nemelex Xobeh.
  5611 | D:5      | Found an iron altar of Okawaru.
  5613 | D:5      | Found a sand-covered staircase.
  5621 | Ossuary  | Entered an ossuary
  6220 | D:5      | Identified a +2 robe of the Archmagi
  6220 | D:5      | Noticed Sigmund
  6616 | D:5      | Noticed Menkaure
  6621 | D:5      | Killed Menkaure
  6735 | D:5      | Found a hazy altar of Hepliaklqana.
  6735 | D:5      | Found an ornate altar of the Wu Jian Council.
  6815 | D:5      | Reached XP level 8. HP: 42/50 MP: 0/0
  6818 | D:5      | Reached skill level 7 in Spellcasting
  6823 | D:5      | HP: 11/50 [something (12)]
  6824 | D:5      | Killed Sigmund
  7408 | D:6      | Found a hide-covered altar of Uskayaw.
  7680 | D:6      | Reached skill level 8 in Spellcasting
  7734 | D:6      | Found Zin's Purification Station.
  7737 | D:6      | Found a glowing silver altar of Zin.
  7869 | D:6      | Found Qeykk's CLEARANCE SALE! EVERYTHING MUST GO!.
  7973 | D:6      | Reached XP level 9. HP: 42/55 MP: 0/0
  7973 | D:6      | Learned a level 4 spell: Leda's Liquefaction
  8253 | D:6      | Found a burning altar of Makhleb.
  8332 | D:6      | Became a worshipper of Makhleb the Destroyer
  8578 | D:7      | Reached skill level 9 in Spellcasting
  8798 | D:7      | Found a staircase to the Ecumenical Temple.
  9427 | D:7      | Reached skill level 10 in Spellcasting
  9476 | D:7      | Reached * piety under Makhleb
  9663 | D:7      | Reached skill level 1 in Fighting
 10149 | D:8      | Reached skill level 3 in Dodging
 10149 | D:8      | Reached XP level 10. HP: 58/64 MP: 0/0
 10165 | D:8      | Reached skill level 2 in Fighting
 10527 | D:8      | Reached skill level 4 in Dodging
 10620 | D:8      | Reached skill level 3 in Fighting
 11123 | D:6      | Bought a scroll of acquirement for 208 gold pieces
 11123 | D:6      | Acquired an amulet of reflection
 11269 | D:9      | Reached ** piety under Makhleb
 11270 | D:9      | Reached skill level 4 in Fighting
 11270 | D:9      | Reached skill level 5 in Dodging
 11380 | D:9      | Found a snail-covered altar of Cheibriados.
 11588 | D:9      | Noticed a cyan ugly thing
 11593 | D:9      | Killed a cyan ugly thing
 11594 | D:9      | Reached skill level 5 in Fighting
 11594 | D:9      | Reached skill level 6 in Dodging
 11994 | D:9      | Found the +1 cloak of Starlight {*Dazzle EV+4 Stlth--}
 12150 | D:9      | Noticed Maggie
 12154 | D:9      | Killed Maggie
 12155 | D:9      | Reached XP level 11. HP: 59/76 MP: 0/0
 12155 | D:9      | Learned a level 5 spell: Irradiate
 12497 | D:10     | Entered Level 10 of the Dungeon
 12645 | D:10     | Found a staircase to the Orcish Mines.
 12740 | D:10     | Reached skill level 7 in Dodging
 12745 | D:10     | Reached skill level 6 in Fighting
 12774 | D:10     | Found a glowing golden altar of the Shining One.
 12874 | D:10     | Reached skill level 11 in Spellcasting
 13173 | D:10     | Found a staircase to the Lair.
 13319 | D:10     | Noticed Nergalle
 13323 | D:10     | Killed Nergalle
 13603 | D:11     | Noticed a two-headed ogre
 13606 | D:11     | Killed a two-headed ogre
 13721 | D:11     | Noticed a two-headed ogre
 13726 | D:11     | Killed a two-headed ogre
 13727 | D:11     | Reached skill level 7 in Fighting
 13727 | D:11     | Reached skill level 8 in Dodging
 13869 | D:11     | Noticed a two-headed ogre
 13890 | D:11     | Killed a two-headed ogre
 14048 | D:11     | Noticed a two-headed ogre
 14049 | D:11     | Noticed a boulder beetle
 14066 | D:11     | Noticed a two-headed ogre
 14151 | D:11     | Killed a two-headed ogre
 14156 | D:11     | Killed a two-headed ogre
 14158 | D:11     | Reached XP level 12. HP: 71/85 MP: 0/0
 14622 | D:12     | Noticed Jorgrun
 14627 | D:12     | Killed from afar by Jorgrun

Vanquished Creatures
  3 two-headed ogres (D:11)
  Nergalle (D:10)
  An ugly thing (D:9)
  A kobold demonologist (D:11)
  A shadow (D:10)
  Sigmund (D:5)
  A wraith (D:10)
  19 yaks
  A wyvern (D:7)
  3 vampire mosquitoes (D:10)
  Menkaure (D:5)
  3 necrophages
  An orc warrior (D:7)
  An ice beast (D:8)
  2 ogres (D:5)
  4 centaurs
  2 kobold brigands
  A gnoll sergeant (D:10)
  3 bullfrogs
  A scorpion (D:5)
  A water moccasin skeleton (D:5)
  11 killer bees
  7 wights
  7 howler monkeys
  3 centaur zombies
  2 hounds
  A gnoll shaman (D:7)
  6 orc priests
  An iguana (D:6)
  11 orc wizards
  A killer bee zombie (D:7)
  A hound skeleton (D:5)
  4 mummies (Ossuary)
  Robin (D:3)
  12 gnolls
  3 adders
  2 river rats (D:4)
  3 ufetubi
  A worm (D:4)
  4 dart slugs
  29 orcs
  8 bats
  3 giant cockroaches
  14 goblins
  12 hobgoblins
  6 jackals
  17 kobolds
  A quokka (D:3)
  4 ball pythons
  3 frilled lizards
  3 hobgoblin zombies (Ossuary)
  3 kobold zombies (Ossuary)
  An orc zombie (Ossuary)
  8 rats
245 creatures vanquished.

Vanquished Creatures (collateral kills)
  2 two-headed ogres (D:11)
  Maggie (D:9)
3 creatures vanquished.

Vanquished Creatures (others)
  1004 foxfires
1004 creatures vanquished.

Grand Total: 1252 creatures vanquished

Table legend:
 A = Non-vault XP
 B = Vault XP
 C = Vault XP percentage of total XP
 D = Non-vault monster count
 E = Vault monster count
 F = Vault count percentage of total count
                 A         B        C        D         E       F
            +---------+---------+-------+---------+---------+-------
      Total |   14612 |    1775 |  10.8 |     211 |      37 |  14.9
            +---------+---------+-------+---------+---------+-------
        D:1 |      45 |       0 |   0.0 |      17 |       0 |   0.0
        D:2 |      69 |       0 |   0.0 |      18 |       0 |   0.0
        D:3 |     135 |      38 |  22.0 |      19 |      13 |  40.6
        D:4 |     124 |      35 |  22.0 |      12 |       8 |  40.0
        D:5 |     468 |     381 |  44.9 |       9 |       2 |  18.2
        D:6 |     755 |       0 |   0.0 |      23 |       0 |   0.0
        D:7 |    1627 |       0 |   0.0 |      42 |       0 |   0.0
        D:8 |     954 |       0 |   0.0 |      20 |       0 |   0.0
        D:9 |    3078 |     385 |  11.1 |      18 |       1 |   5.3
       D:10 |    2138 |     812 |  27.5 |      21 |       1 |   4.5
       D:11 |    5219 |       0 |   0.0 |      12 |       0 |   0.0
    Ossuary |       0 |     124 | 100.0 |       0 |      12 | 100.0
            +---------+---------+-------+---------+---------+-------

Illustrated notes

Table legend:
 A = Kills in this place as a percentage of kills in entire the game.
 B = Kills by you in this place as a percentage of kills by you in the entire game.
 C = Kills by friends in this place as a percentage of kills by friends in the entire game.
 D = Other kills in this place as a percentage of other kills in the entire game.
 E = Experience gained in this place as a percentage of experience gained in the entire game.
 F = Experience gained in this place divided by the number of levels of this place that you have seen.
                   A       B       C       D       E      F
               +-------+-------+-------+-------+-------+----------------------
         Total | 100.0 | 100.0 | 100.0 |   N/A | 100.0 | 1260.5
       Dungeon |  95.2 |  95.1 | 100.0 |   N/A |  99.2 | 1355.2
       Ossuary |   4.8 |   4.9 |   0.0 |   N/A |   0.8 | 124.0
               +-------+-------+-------+-------+-------+----------------------

Table legend: (Time is in decaauts)
 A = Elapsed time spent in this place.
 B = Non-inter-level travel time spent in this place.
 C = Inter-level travel time spent in this place.
 D = Time resting spent in this place.
 E = Time spent auto-exploring this place.
 F = Levels seen in this place.
 G = Mean time per level.
                   A        B        C        D        E       F      G
               +--------+--------+--------+--------+--------+-----+--------+
         Total |  14640 |  14044 |    596 |   3158 |   8809 |  13 | 1126.2 |
       Dungeon |  14081 |  13485 |    596 |   2831 |   8695 |  12 | 1173.4 |
       Ossuary |    559 |    559 |      0 |    327 |    114 |   1 |  559.0 |
               +--------+--------+--------+--------+--------+-----+--------+

Top non-repeatable levels by time:
     D:1: 1956 daAuts
     D:7: 1666 daAuts
     D:3: 1420 daAuts
     D:9: 1269 daAuts
     D:5: 1253 daAuts
     D:2: 1127 daAuts
     D:6: 1104 daAuts
     D:8: 1085 daAuts
    D:10: 1080 daAuts
     D:4: 1068 daAuts
    D:11: 1021 daAuts
 Ossuary: 559 daAuts
    D:12: 26 daAuts
